[ AOE2 MATCH · #490093120 ]
UnrankedJapanese vs Japanese
[ REPLAY ANALYSIS · EXTRACTED FROM THE RECORDED GAME ]
Feudal
12:54
Castle
21:00
Imperial
39:06
| APM avg | 65.2 |
| APM peak | 107 |
| eAPM avg | 35.6 |
| Villagers / military | 190 / 148 |
Focus
⚔️ 54.1% · 🌾 45.9%
Cavalry Archer ×119 · Galley ×16 · Scout Cavalry ×13 · Fishing Ship ×6
Feudal
12:17
Castle
24:42
Imperial
36:40
| APM avg | 58.9 |
| APM peak | 136 |
| eAPM avg | 30.0 |
| Villagers / military | 139 / 111 |
Focus
⚔️ 42.2% · 🌾 57.8%
Cavalry Archer ×52 · Galley ×27 · Fire Galley ×16 · Fishing Ship ×8 · Cannon Galleon ×7 · Trebuchet (Packed) ×7
Feudal
12:03
Castle
21:58
Imperial
35:09
| APM avg | 35.2 |
| APM peak | 81 |
| eAPM avg | 21.2 |
| Villagers / military | 147 / 174 |
Focus
⚔️ 47.6% · 🌾 52.4%
Archer ×132 · Scout Cavalry ×41 · Unknown (1942) ×18 · Fishing Ship ×8 · Battering Ram ×1
Feudal
14:04
Castle
17:49
Imperial
34:18
| APM avg | 42.1 |
| APM peak | 90 |
| eAPM avg | 21.4 |
| Villagers / military | 157 / 118 |
Focus
⚔️ 36.8% · 🌾 63.2%
Mangudai ×101 · Mangonel ×16 · Fishing Ship ×15 · Monk ×1
Feudal
13:42
Castle
17:12
Imperial
38:19
| APM avg | 53.9 |
| APM peak | 95 |
| eAPM avg | 28.0 |
| Villagers / military | 189 / 214 |
Focus
⚔️ 31.4% · 🌾 68.6%
Spearman ×169 · Conquistador ×33 · Battering Ram ×11 · Fishing Ship ×8 · Trebuchet (Packed) ×1
Feudal
12:42
Castle
23:56
Imperial
35:21
| APM avg | 40.7 |
| APM peak | 82 |
| eAPM avg | 27.4 |
| Villagers / military | 209 / 79 |
Focus
⚔️ 29.8% · 🌾 70.2%
Scout Cavalry ×38 · Knight ×25 · Unknown (2626) ×16 · Fishing Ship ×10 · Monk ×9 · Trebuchet (Packed) ×4
Match map
Initial resources + every placement click. Lines = walls · curves = elevation contours. ◆ gold · ⬟ stone · ● berries · ✦ relic · ◌ wall gap
Your base· Open — unwalled flank
MoJRiM's base· Open — unwalled flank
Cyndaquil's base· Open — unwalled flank
retaux's base· Open — unwalled flank
Vico's base· Open — unwalled flank
Tio GG león,la bruja y el roper's base· Open — unwalled flank
Smoothed initial terrain · ◌ = detected wall gap · hover for details
Inputs per minute
— FMG | GreatMaty - - MoJRiM
Build order — FMG | GreatMaty
First 150 of 509 actions detected
| 0:44 | Build | Dock |
| 1:11 | Build | Town Center |
| 1:49 | Build | House |
| 3:19 | Create | Villager (Male) |
| 3:20 | Create | Villager (Male) |
| 3:20 | Create | Villager (Male) |
| 3:20 | Create | Villager (Male) |
| 4:02 | Create | Villager (Male) |
| 4:02 | Create | Villager (Male) |
| 4:38 | Build | House |
| 4:59 | Create | Villager (Male) |
| 5:00 | Create | Villager (Male) |
| 5:26 | Create | Villager (Male) |
| 5:27 | Create | Villager (Male) |
| 5:41 | Create | Fishing Ship |
| 5:41 | Create | Fishing Ship |
| 5:56 | Create | Villager (Male) |
| 6:04 | Build | House |
| 6:16 | Create | Villager (Male) |
| 6:16 | Create | Villager (Male) |
| 6:56 | Create | Villager (Male) |
| 6:56 | Create | Villager (Male) |
| 7:07 | Create | Fishing Ship |
| 7:27 | Create | Villager (Male) |
| 7:27 | Create | Villager (Male) |
| 7:30 | Create | Fishing Ship |
| 7:37 | Build | House |
| 7:47 | Create | Villager (Male) |
| 7:47 | Create | Villager (Male) |
| 8:04 | Create | Villager (Male) |
| 8:08 | Build | House |
| 8:14 | Build | House |
| 8:26 | Build | House |
| 8:34 | Build | House |
| 8:47 | Create | Villager (Male) |
| 9:07 | Create | Villager (Male) |
| 9:08 | Build | Lumber Camp |
| 9:27 | Create | Villager (Male) |
| 9:36 | Build | Dock |
| 9:47 | Build | Palisade Wall |
| 9:55 | Create | Villager (Male) |
| 10:00 | Build | House |
| 10:44 | Research | Feudal Age |
| 10:44 | Research | Feudal Age |
| 11:03 | Build | Mining Camp |
| 11:50 | Research | Loom |
| 11:51 | Create | Villager (Male) |
| 12:05 | Build | Mill |
| 12:20 | Build | House |
| 12:54 | Age | Feudal Age |
| 12:55 | Create | Galley |
| 12:55 | Create | Galley |
| 13:16 | Create | Villager (Male) |
| 13:19 | Build | Blacksmith |
| 13:28 | Create | Galley |
| 13:28 | Create | Galley |
| 13:55 | Create | Galley |
| 13:55 | Create | Galley |
| 13:56 | Create | Villager (Male) |
| 14:06 | Research | Fletching |
| 14:07 | Research | Fletching |
| 14:18 | Create | Galley |
| 14:30 | Create | Villager (Male) |
| 14:33 | Build | House |
| 14:55 | Create | Villager (Male) |
| 15:06 | Create | Galley |
| 15:24 | Create | Villager (Male) |
| 15:27 | Create | Galley |
| 15:27 | Create | Galley |
| 15:40 | Create | Villager (Male) |
| 15:50 | Create | Villager (Male) |
| 15:54 | Build | Market |
| 16:05 | Build | House |
| 16:40 | Create | Villager (Male) |
| 16:45 | Create | Galley |
| 17:05 | Create | Villager (Male) |
| 17:10 | Create | Galley |
| 17:43 | Create | Villager (Male) |
| 18:09 | Build | Lumber Camp |
| 18:20 | Research | Castle Age |
| 18:22 | Create | Galley |
| 18:22 | Create | Galley |
| 18:26 | Build | House |
| 18:49 | Create | Villager (Male) |
| 19:06 | Build | House |
| 19:11 | Build | House |
| 19:36 | Research | Double-Bit Axe |
| 19:42 | Create | Galley |
| 19:42 | Create | Galley |
| 19:51 | Build | House |
| 20:24 | Build | House |
| 21:00 | Age | Castle Age |
| 21:06 | Build | Town Center |
| 21:09 | Research | Bodkin Arrow |
| 21:09 | Research | Bodkin Arrow |
| 21:15 | Create | Villager (Male) |
| 21:46 | Create | Villager (Male) |
| 22:12 | Create | Villager (Male) |
| 22:18 | Create | Villager (Male) |
| 22:35 | Create | Villager (Male) |
| 22:38 | Create | Villager (Male) |
| 22:41 | Build | Barracks |
| 22:44 | Create | Villager (Male) |
| 23:01 | Build | Town Center |
| 23:20 | Create | Villager (Male) |
| 23:21 | Create | Villager (Male) |
| 23:25 | Build | Archery Range |
| 23:29 | Create | Villager (Male) |
| 23:29 | Create | Villager (Male) |
| 23:55 | Create | Villager (Male) |
| 24:12 | Create | Villager (Male) |
| 24:13 | Create | Fishing Ship |
| 24:13 | Create | Fishing Ship |
| 24:18 | Create | Villager (Male) |
| 24:25 | Create | Villager (Male) |
| 24:31 | Create | Villager (Male) |
| 24:34 | Build | Archery Range |
| 24:36 | Create | Villager (Male) |
| 24:45 | Create | Villager (Male) |
| 24:45 | Create | Villager (Male) |
| 24:48 | Create | Cavalry Archer |
| 25:05 | Build | Town Center |
| 25:09 | Create | Villager (Male) |
| 25:43 | Create | Villager (Male) |
| 25:43 | Create | Villager (Male) |
| 25:43 | Create | Villager (Male) |
| 25:44 | Create | Villager (Male) |
| 25:44 | Create | Villager (Male) |
| 25:56 | Create | Cavalry Archer |
| 25:57 | Create | Cavalry Archer |
| 25:57 | Create | Cavalry Archer |
| 26:13 | Create | Villager (Male) |
| 26:14 | Create | Villager (Male) |
| 26:14 | Create | Villager (Male) |
| 26:35 | Create | Villager (Male) |
| 26:36 | Create | Cavalry Archer |
| 26:37 | Create | Cavalry Archer |
| 26:37 | Create | Cavalry Archer |
| 26:45 | Build | Farm |
| 26:52 | Create | Cavalry Archer |
| 26:52 | Create | Cavalry Archer |
| 26:55 | Create | Cavalry Archer |
| 26:55 | Create | Cavalry Archer |
| 26:55 | Create | Cavalry Archer |
| 27:01 | Build | Farm |
| 27:03 | Create | Villager (Male) |
| 27:04 | Create | Villager (Male) |
| 27:04 | Create | Villager (Male) |
| 27:04 | Create | Villager (Male) |
| 27:19 | Build | Farm |
Build order — MoJRiM
First 150 of 498 actions detected
| 0:53 | Build | Town Center |
| 1:11 | Build | Dock |
| 2:27 | Build | House |
| 2:29 | Create | Villager (Male) |
| 2:29 | Create | Villager (Male) |
| 2:41 | Create | Villager (Male) |
| 2:41 | Create | Villager (Male) |
| 3:37 | Create | Fishing Ship |
| 3:38 | Create | Fishing Ship |
| 4:06 | Research | Loom |
| 4:16 | Build | House |
| 4:26 | Create | Villager (Male) |
| 4:58 | Create | Villager (Male) |
| 4:58 | Create | Villager (Male) |
| 5:20 | Create | Villager (Male) |
| 5:33 | Create | Fishing Ship |
| 5:44 | Create | Villager (Male) |
| 5:55 | Build | House |
| 6:08 | Create | Villager (Male) |
| 6:28 | Create | Fishing Ship |
| 6:28 | Create | Fishing Ship |
| 6:39 | Create | Villager (Male) |
| 6:39 | Create | Villager (Male) |
| 6:56 | Build | House |
| 6:58 | Create | Villager (Male) |
| 6:58 | Create | Villager (Male) |
| 7:19 | Create | Fishing Ship |
| 7:30 | Create | Villager (Male) |
| 7:44 | Create | Villager (Male) |
| 8:02 | Build | Lumber Camp |
| 8:13 | Create | Villager (Male) |
| 8:23 | Create | Fishing Ship |
| 8:41 | Create | Villager (Male) |
| 9:06 | Create | Villager (Male) |
| 9:16 | Build | House |
| 9:35 | Create | Villager (Male) |
| 10:04 | Research | Feudal Age |
| 10:05 | Research | Feudal Age |
| 10:12 | Build | Mining Camp |
| 10:57 | Create | Fishing Ship |
| 11:01 | Build | House |
| 11:32 | Build | Dock |
| 11:39 | Create | Villager (Male) |
| 12:17 | Age | Feudal Age |
| 12:18 | Create | Galley |
| 12:18 | Create | Galley |
| 12:19 | Research | Double-Bit Axe |
| 12:19 | Research | Double-Bit Axe |
| 12:36 | Create | Villager (Male) |
| 12:55 | Build | Dock |
| 12:57 | Create | Villager (Male) |
| 13:07 | Create | Unit 2626 |
| 13:07 | Create | Unit 2626 |
| 13:15 | Create | Villager (Male) |
| 13:16 | Create | Galley |
| 13:18 | Create | Unit 2626 |
| 13:20 | Build | House |
| 13:21 | Build | House |
| 13:37 | Create | Villager (Male) |
| 13:38 | Create | Unit 2626 |
| 13:38 | Create | Unit 2626 |
| 14:11 | Create | Villager (Male) |
| 14:12 | Create | Fire Galley |
| 14:28 | Create | Galley |
| 14:28 | Create | Galley |
| 14:28 | Create | Villager (Male) |
| 15:06 | Create | Villager (Male) |
| 15:13 | Create | Galley |
| 15:13 | Create | Galley |
| 15:14 | Create | Galley |
| 15:21 | Build | House |
| 15:22 | Build | House |
| 15:23 | Build | House |
| 15:23 | Build | House |
| 15:42 | Create | Villager (Male) |
| 15:55 | Create | Galley |
| 15:55 | Create | Galley |
| 15:55 | Create | Villager (Male) |
| 15:56 | Create | Galley |
| 16:00 | Build | House |
| 16:01 | Build | House |
| 16:08 | Create | Villager (Male) |
| 16:29 | Create | Villager (Male) |
| 17:20 | Create | Villager (Male) |
| 17:26 | Build | Mill |
| 17:30 | Build | Mill |
| 17:33 | Create | Galley |
| 17:34 | Create | Galley |
| 18:06 | Create | Villager (Male) |
| 18:12 | Build | Market |
| 18:21 | Build | Farm |
| 18:23 | Build | Farm |
| 18:25 | Build | Lumber Camp |
| 18:52 | Create | Villager (Male) |
| 18:52 | Create | Villager (Male) |
| 18:59 | Build | Mill |
| 19:07 | Build | House |
| 19:07 | Build | House |
| 19:15 | Create | Villager (Male) |
| 19:24 | Research | Horse Collar |
| 19:27 | Build | Farm |
| 19:29 | Build | Farm |
| 19:31 | Build | Farm |
| 19:49 | Create | Villager (Male) |
| 19:56 | Build | Mill |
| 20:34 | Build | House |
| 20:34 | Create | Villager (Male) |
| 20:44 | Build | House |
| 20:45 | Build | House |
| 20:47 | Build | House |
| 21:03 | Create | Villager (Male) |
| 21:35 | Build | Blacksmith |
| 21:37 | Create | Villager (Male) |
| 21:42 | Research | Gold Mining |
| 21:42 | Research | Gold Mining |
| 22:00 | Research | Castle Age |
| 22:01 | Research | Castle Age |
| 22:13 | Build | Outpost |
| 22:21 | Build | Outpost |
| 22:55 | Build | Outpost |
| 23:10 | Build | Outpost |
| 23:52 | Build | Outpost |
| 24:11 | Create | Villager (Male) |
| 24:42 | Age | Castle Age |
| 24:47 | Build | Town Center |
| 24:50 | Build | Town Center |
| 24:55 | Build | Town Center |
| 25:03 | Build | Town Center |
| 25:08 | Create | Villager (Male) |
| 25:10 | Research | Town Watch |
| 25:18 | Build | Outpost |
| 25:43 | Research | Bow Saw |
| 25:44 | Research | Bow Saw |
| 25:44 | Create | Villager (Male) |
| 26:09 | Create | Villager (Male) |
| 26:12 | Research | Wheelbarrow |
| 26:12 | Research | Wheelbarrow |
| 26:14 | Create | Villager (Male) |
| 26:15 | Create | Villager (Male) |
| 26:15 | Create | Villager (Male) |
| 26:26 | Create | Villager (Male) |
| 26:41 | Create | Villager (Male) |
| 26:41 | Create | Villager (Male) |
| 26:42 | Research | Heavy Plow |
| 26:43 | Research | Heavy Plow |
| 26:44 | Create | Villager (Male) |
| 26:48 | Build | Farm |
| 26:51 | Create | Villager (Male) |
| 26:51 | Create | Villager (Male) |
| 26:52 | Create | Villager (Male) |
Build order — Cyndaquil
First 150 of 426 actions detected
| 0:40 | Build | Dock |
| 0:54 | Build | Town Center |
| 1:00 | Build | House |
| 1:01 | Build | House |
| 2:51 | Create | Villager (Male) ×4 |
| 2:51 | Create | Villager (Male) ×4 |
| 4:10 | Create | Fishing Ship |
| 4:10 | Create | Fishing Ship |
| 4:10 | Create | Fishing Ship |
| 4:30 | Create | Villager (Male) |
| 4:40 | Research | Loom |
| 5:03 | Create | Fishing Ship |
| 5:36 | Create | Villager (Male) |
| 5:36 | Create | Villager (Male) |
| 5:43 | Create | Fishing Ship |
| 5:43 | Create | Fishing Ship |
| 6:02 | Build | House |
| 6:05 | Create | Villager (Male) |
| 6:05 | Create | Villager (Male) |
| 6:05 | Create | Villager (Male) |
| 6:24 | Create | Villager (Male) |
| 6:33 | Build | House |
| 6:49 | Create | Villager (Male) |
| 7:00 | Create | Fishing Ship |
| 7:00 | Create | Fishing Ship |
| 7:17 | Create | Villager (Male) |
| 7:38 | Create | Villager (Male) |
| 7:48 | Create | Villager (Male) |
| 8:18 | Build | Mining Camp |
| 8:21 | Create | Villager (Male) |
| 8:54 | Create | Villager (Male) |
| 9:28 | Create | Villager (Male) |
| 9:53 | Research | Feudal Age |
| 9:53 | Research | Feudal Age |
| 10:22 | Build | Barracks |
| 10:36 | Build | Barracks |
| 10:55 | Build | House |
| 11:15 | Build | House |
| 11:21 | Build | House |
| 11:33 | Create | Villager (Male) |
| 11:55 | Build | Lumber Camp |
| 12:03 | Age | Feudal Age |
| 12:05 | Build | Archery Range |
| 12:14 | Create | Villager (Male) |
| 12:48 | Build | Archery Range |
| 12:53 | Create | Villager (Male) |
| 13:04 | Research | Double-Bit Axe |
| 13:04 | Research | Double-Bit Axe |
| 13:09 | Create | Villager (Male) |
| 13:12 | Create | Archer |
| 13:32 | Create | Archer |
| 13:36 | Build | Palisade Wall |
| 13:44 | Create | Villager (Male) |
| 13:49 | Create | Archer |
| 14:05 | Build | Blacksmith |
| 14:07 | Create | Villager (Male) |
| 14:12 | Build | Palisade Wall |
| 14:13 | Build | Palisade Wall |
| 14:14 | Build | Palisade Wall |
| 14:23 | Create | Villager (Male) |
| 14:31 | Create | Archer |
| 14:32 | Create | Archer |
| 14:34 | Create | Villager (Male) |
| 14:45 | Build | House |
| 14:46 | Create | Archer |
| 14:55 | Create | Archer |
| 14:55 | Create | Archer |
| 14:59 | Create | Villager (Male) |
| 15:06 | Build | House |
| 15:15 | Research | Fletching |
| 15:22 | Create | Archer |
| 15:23 | Create | Villager (Male) |
| 15:29 | Build | House |
| 15:30 | Build | Palisade Wall |
| 15:44 | Create | Villager (Male) |
| 15:51 | Build | Mill |
| 15:59 | Create | Archer |
| 15:59 | Create | Archer |
| 16:11 | Create | Archer |
| 16:11 | Create | Archer |
| 16:17 | Create | Villager (Male) |
| 16:21 | Build | House |
| 16:23 | Build | Palisade Wall |
| 16:35 | Build | Market |
| 16:53 | Create | Villager (Male) |
| 16:59 | Create | Archer |
| 16:59 | Create | Archer |
| 16:59 | Create | Archer |
| 17:22 | Research | Padded Archer Armor |
| 17:41 | Create | Villager (Male) |
| 18:02 | Research | Town Watch |
| 18:13 | Build | Outpost |
| 18:51 | Create | Villager (Male) |
| 19:04 | Build | House |
| 19:06 | Build | Stone Wall |
| 19:18 | Research | Castle Age |
| 19:19 | Research | Castle Age |
| 19:34 | Create | Archer |
| 19:34 | Create | Archer |
| 19:43 | Build | Mining Camp |
| 19:48 | Create | Archer |
| 19:48 | Create | Archer |
| 19:57 | Build | Stone Wall |
| 19:59 | Build | Stone Wall |
| 20:00 | Build | Stone Wall |
| 20:01 | Build | Stone Wall |
| 20:01 | Build | Stone Wall |
| 20:03 | Build | Stone Wall |
| 20:04 | Build | Stone Wall |
| 20:06 | Build | Stone Wall |
| 20:09 | Create | Archer |
| 20:09 | Create | Archer |
| 20:29 | Research | Wheelbarrow |
| 20:39 | Build | House |
| 20:40 | Build | House |
| 20:58 | Create | Archer |
| 20:58 | Create | Archer |
| 20:58 | Create | Archer |
| 21:04 | Research | Gold Mining |
| 21:15 | Research | Horse Collar |
| 21:25 | Build | House |
| 21:36 | Create | Archer |
| 21:36 | Create | Archer |
| 21:58 | Age | Castle Age |
| 21:59 | Research | Crossbowman (upgrade) |
| 22:02 | Research | Bodkin Arrow |
| 22:14 | Build | Town Center |
| 22:20 | Create | Villager (Male) |
| 22:50 | Build | Siege Workshop |
| 22:52 | Create | Villager (Male) |
| 22:59 | Build | Stone Wall |
| 23:00 | Build | Stone Wall |
| 23:01 | Build | Stone Wall |
| 23:03 | Build | Stone Wall |
| 23:04 | Build | Stone Wall |
| 23:14 | Create | Villager (Male) |
| 23:36 | Create | Villager (Male) |
| 23:49 | Create | Battering Ram |
| 23:54 | Build | House |
| 23:56 | Create | Villager (Male) |
| 24:07 | Create | Villager (Male) |
| 24:15 | Build | Lumber Camp |
| 24:30 | Build | Town Center |
| 24:43 | Create | Villager (Male) |
| 24:56 | Create | Villager (Male) |
| 25:03 | Create | Archer ×2 |
| 25:12 | Create | Villager (Male) |
| 25:13 | Create | Villager (Male) |
| 25:42 | Create | Archer ×2 |
| 25:43 | Create | Villager (Male) |
Build order — retaux
First 150 of 427 actions detected
| 0:50 | Build | Town Center |
| 0:55 | Build | Dock |
| 1:43 | Build | House |
| 2:47 | Create | Villager (Male) |
| 2:47 | Create | Villager (Male) |
| 2:47 | Create | Villager (Male) |
| 3:36 | Create | Villager (Male) |
| 3:36 | Create | Villager (Male) |
| 3:36 | Create | Villager (Male) |
| 4:05 | Create | Fishing Ship |
| 4:05 | Create | Fishing Ship |
| 4:05 | Create | Fishing Ship |
| 4:05 | Create | Fishing Ship |
| 4:05 | Create | Fishing Ship |
| 4:05 | Create | Fishing Ship |
| 4:05 | Create | Fishing Ship |
| 4:05 | Create | Fishing Ship |
| 4:22 | Build | House |
| 4:47 | Research | Loom |
| 5:11 | Build | House |
| 5:24 | Create | Villager (Male) |
| 5:24 | Create | Villager (Male) |
| 5:26 | Build | House |
| 5:30 | Create | Fishing Ship |
| 6:03 | Create | Villager (Male) |
| 6:16 | Create | Fishing Ship |
| 6:26 | Create | Villager (Male) |
| 6:48 | Create | Villager (Male) |
| 6:51 | Create | Villager (Male) |
| 6:59 | Create | Fishing Ship |
| 7:23 | Build | House |
| 7:39 | Create | Villager (Male) |
| 7:54 | Create | Villager (Male) |
| 8:05 | Create | Fishing Ship |
| 8:11 | Create | Villager (Male) |
| 8:28 | Create | Fishing Ship |
| 8:29 | Create | Villager (Male) |
| 9:03 | Build | Mill |
| 9:15 | Create | Villager (Male) |
| 9:25 | Build | House |
| 9:54 | Create | Villager (Male) |
| 9:58 | Create | Fishing Ship |
| 10:19 | Build | House |
| 10:24 | Create | Villager (Male) |
| 10:41 | Create | Fishing Ship |
| 10:43 | Create | Villager (Male) |
| 11:02 | Build | House |
| 11:25 | Create | Villager (Male) |
| 11:54 | Research | Feudal Age |
| 12:01 | Build | Lumber Camp |
| 13:14 | Build | Palisade Wall |
| 13:16 | Build | Palisade Wall |
| 13:28 | Build | Palisade Wall |
| 13:40 | Build | Palisade Wall |
| 13:41 | Build | Palisade Wall |
| 13:41 | Build | Palisade Wall |
| 13:43 | Create | Villager (Male) |
| 13:46 | Build | Mining Camp |
| 13:51 | Create | Villager (Male) |
| 14:04 | Age | Feudal Age |
| 14:10 | Build | Market |
| 14:17 | Build | Blacksmith |
| 15:09 | Research | Castle Age |
| 15:09 | Research | Castle Age |
| 15:09 | Research | Castle Age |
| 15:09 | Research | Castle Age |
| 15:10 | Research | Castle Age |
| 15:10 | Research | Castle Age |
| 15:10 | Research | Castle Age |
| 15:10 | Research | Castle Age |
| 15:45 | Create | Villager (Male) |
| 16:28 | Create | Villager (Male) |
| 16:30 | Build | Stone Wall |
| 16:31 | Build | Stone Wall |
| 16:32 | Build | Stone Wall |
| 17:17 | Build | Stone Wall |
| 17:19 | Build | Stone Wall |
| 17:19 | Build | Stone Wall |
| 17:40 | Build | Stone Wall |
| 17:44 | Build | Stone Wall |
| 17:49 | Age | Castle Age |
| 17:53 | Create | Villager (Male) |
| 18:03 | Build | Town Center |
| 18:11 | Create | Villager (Male) |
| 18:21 | Build | Town Center |
| 18:22 | Create | Villager (Male) |
| 18:29 | Create | Villager (Male) |
| 18:34 | Create | Villager (Male) |
| 18:38 | Build | Siege Workshop |
| 18:53 | Create | Villager (Male) |
| 19:43 | Build | Town Center |
| 19:48 | Create | Villager (Male) |
| 19:53 | Create | Villager (Male) |
| 20:06 | Build | Mining Camp |
| 20:09 | Create | Villager (Male) |
| 20:09 | Create | Villager (Male) |
| 20:34 | Create | Villager (Male) |
| 20:37 | Create | Villager (Male) |
| 20:42 | Create | Villager (Male) |
| 20:46 | Create | Villager (Male) |
| 20:51 | Research | Gold Mining |
| 20:52 | Research | Double-Bit Axe |
| 20:53 | Create | Villager (Male) |
| 21:14 | Create | Villager (Male) |
| 21:31 | Create | Villager (Male) |
| 21:35 | Research | Stone Mining |
| 21:37 | Create | Villager (Male) |
| 21:55 | Build | House |
| 22:00 | Create | Villager (Male) |
| 22:04 | Create | Villager (Male) |
| 22:06 | Create | Villager (Male) |
| 22:06 | Create | Villager (Male) |
| 22:06 | Create | Villager (Male) |
| 22:22 | Create | Villager (Male) |
| 22:33 | Research | Town Watch |
| 22:33 | Research | Wheelbarrow |
| 22:34 | Create | Villager (Male) |
| 22:35 | Create | Villager (Male) |
| 22:50 | Create | Villager (Male) |
| 23:02 | Create | Villager (Male) |
| 23:08 | Create | Villager (Male) |
| 23:16 | Create | Mangonel |
| 23:25 | Create | Villager (Male) |
| 23:34 | Build | Castle |
| 23:36 | Create | Villager (Male) |
| 23:46 | Build | House |
| 23:47 | Build | House |
| 23:47 | Build | House |
| 23:48 | Create | Villager (Male) |
| 23:53 | Create | Villager (Male) |
| 23:59 | Build | House |
| 24:02 | Build | House |
| 24:03 | Build | House |
| 24:04 | Build | House |
| 24:05 | Create | Villager (Male) |
| 24:15 | Create | Villager (Male) |
| 24:25 | Create | Villager (Male) |
| 24:27 | Create | Villager (Male) |
| 24:37 | Build | Mill |
| 24:42 | Build | Lumber Camp |
| 24:43 | Create | Villager (Male) |
| 24:52 | Create | Villager (Male) |
| 24:54 | Create | Villager (Male) |
| 25:02 | Create | Villager (Male) |
| 26:09 | Create | Mangonel |
| 26:16 | Create | Villager (Male) |
| 26:19 | Create | Villager (Male) |
| 26:33 | Create | Villager (Male) |
| 26:37 | Create | Villager (Male) |
| 26:40 | Research | Hand Cart |
Build order — Vico
First 150 of 567 actions detected
| 0:38 | Build | Dock |
| 1:10 | Build | Town Center |
| 1:59 | Build | House |
| 3:07 | Create | Villager (Male) |
| 3:07 | Create | Villager (Male) |
| 3:08 | Create | Villager (Male) |
| 3:08 | Create | Villager (Male) |
| 3:08 | Create | Villager (Male) |
| 4:13 | Create | Fishing Ship |
| 4:13 | Create | Fishing Ship |
| 4:51 | Build | House |
| 5:03 | Create | Villager (Male) |
| 5:27 | Create | Villager (Male) |
| 5:52 | Create | Villager (Male) |
| 5:52 | Create | Villager (Male) |
| 5:57 | Create | Fishing Ship |
| 5:58 | Create | Fishing Ship |
| 6:19 | Create | Villager (Male) |
| 6:20 | Create | Villager (Male) |
| 6:25 | Build | House |
| 6:53 | Create | Villager (Male) |
| 6:54 | Create | Villager (Male) |
| 6:57 | Create | Fishing Ship |
| 7:00 | Create | Villager (Male) |
| 7:00 | Create | Villager (Male) |
| 7:35 | Build | House |
| 7:39 | Create | Villager (Male) |
| 7:40 | Create | Villager (Male) |
| 7:54 | Create | Fishing Ship |
| 7:57 | Create | Villager (Male) |
| 8:22 | Create | Villager (Male) |
| 8:28 | Build | House |
| 8:33 | Create | Villager (Male) |
| 8:38 | Create | Fishing Ship |
| 9:01 | Build | House |
| 9:10 | Create | Villager (Male) |
| 9:17 | Build | House |
| 9:22 | Create | Villager (Male) |
| 9:32 | Create | Fishing Ship |
| 9:49 | Create | Villager (Male) |
| 10:01 | Build | House |
| 10:11 | Build | House |
| 10:24 | Build | Mining Camp |
| 10:36 | Create | Villager (Male) |
| 10:53 | Research | Loom |
| 11:28 | Build | Mill |
| 11:32 | Research | Feudal Age |
| 11:33 | Research | Feudal Age |
| 13:06 | Create | Villager (Male) |
| 13:07 | Create | Villager (Male) |
| 13:42 | Age | Feudal Age |
| 13:43 | Build | Market |
| 13:51 | Build | Blacksmith |
| 13:53 | Build | House |
| 13:54 | Build | Palisade Wall |
| 14:31 | Research | Castle Age |
| 14:32 | Research | Castle Age |
| 14:55 | Build | House |
| 15:01 | Build | Lumber Camp |
| 15:14 | Research | Gold Mining |
| 16:19 | Create | Villager (Male) |
| 16:21 | Research | Double-Bit Axe |
| 17:12 | Age | Castle Age |
| 17:18 | Build | Castle |
| 17:22 | Create | Villager (Male) |
| 18:06 | Create | Conquistador |
| 18:07 | Create | Villager (Male) |
| 18:15 | Create | Conquistador |
| 18:30 | Create | Villager (Male) |
| 18:51 | Create | Conquistador |
| 18:57 | Build | Town Center |
| 19:09 | Create | Villager (Male) |
| 19:19 | Create | Villager (Male) |
| 19:57 | Create | Villager (Male) |
| 19:59 | Create | Conquistador |
| 20:16 | Create | Villager (Male) |
| 20:27 | Create | Villager (Male) |
| 20:27 | Create | Villager (Male) |
| 20:35 | Build | Town Center |
| 20:49 | Create | Conquistador |
| 20:49 | Create | Conquistador |
| 21:06 | Create | Villager (Male) |
| 21:06 | Create | Villager (Male) |
| 21:44 | Create | Conquistador |
| 21:51 | Research | Horse Collar |
| 21:51 | Research | Horse Collar |
| 21:52 | Create | Villager (Male) |
| 21:52 | Create | Villager (Male) |
| 21:53 | Create | Villager (Male) |
| 21:54 | Build | Farm |
| 21:54 | Build | Farm |
| 21:54 | Build | Farm |
| 21:55 | Build | Farm |
| 21:55 | Build | Farm |
| 22:04 | Create | Conquistador |
| 22:30 | Create | Villager (Male) |
| 22:32 | Create | Villager (Male) |
| 22:32 | Create | Villager (Male) |
| 22:33 | Create | Villager (Male) |
| 22:39 | Create | Villager (Male) |
| 22:39 | Create | Villager (Male) |
| 23:06 | Create | Conquistador |
| 23:16 | Create | Villager (Male) |
| 23:17 | Create | Villager (Male) |
| 23:23 | Create | Villager (Male) |
| 23:23 | Create | Villager (Male) |
| 23:39 | Build | Town Center |
| 24:03 | Create | Villager (Male) |
| 24:03 | Create | Villager (Male) |
| 24:04 | Create | Villager (Male) |
| 24:05 | Build | Farm |
| 24:05 | Build | Farm |
| 24:05 | Build | Farm |
| 24:05 | Build | Farm |
| 24:11 | Create | Villager (Male) |
| 24:27 | Create | Villager (Male) |
| 24:28 | Create | Villager (Male) |
| 24:29 | Create | Conquistador |
| 24:29 | Create | Conquistador |
| 24:42 | Create | Villager (Male) |
| 24:44 | Build | Barracks |
| 24:50 | Research | Padded Archer Armor |
| 25:04 | Create | Villager (Male) |
| 25:04 | Create | Villager (Male) |
| 25:05 | Create | Conquistador |
| 25:07 | Build | Farm |
| 25:07 | Build | Farm |
| 25:08 | Build | Farm |
| 25:25 | Create | Villager (Male) |
| 25:26 | Create | Conquistador |
| 25:27 | Create | Villager (Male) |
| 25:27 | Create | Villager (Male) |
| 25:27 | Create | Villager (Male) |
| 25:38 | Create | Conquistador |
| 25:38 | Create | Conquistador |
| 25:49 | Create | Villager (Male) |
| 25:50 | Create | Villager (Male) |
| 25:51 | Build | Farm |
| 25:51 | Build | Farm |
| 25:51 | Build | Farm |
| 25:55 | Create | Villager (Male) |
| 25:55 | Create | Villager (Male) |
| 25:55 | Create | Villager (Male) |
| 26:07 | Create | Conquistador |
| 26:07 | Create | Villager (Male) |
| 26:12 | Create | Villager (Male) |
| 26:13 | Create | Villager (Male) |
| 26:34 | Research | Leather Archer Armor |
| 26:34 | Research | Leather Archer Armor |
| 26:35 | Create | Villager (Male) |
Build order — Tio GG león,la bruja y el roper
First 150 of 493 actions detected
| 0:13 | Build | Dock |
| 1:02 | Build | Town Center |
| 1:07 | Build | House |
| 3:05 | Create | Villager (Male) |
| 3:05 | Create | Villager (Male) |
| 3:07 | Create | Villager (Male) |
| 3:22 | Create | Villager (Male) |
| 3:23 | Create | Villager (Male) |
| 3:24 | Create | Villager (Male) |
| 3:25 | Create | Fishing Ship |
| 4:30 | Build | House |
| 4:36 | Research | Loom |
| 4:49 | Create | Villager (Male) |
| 4:50 | Create | Fishing Ship |
| 4:50 | Create | Fishing Ship |
| 4:54 | Create | Villager (Male) |
| 4:55 | Create | Villager (Male) |
| 4:55 | Create | Villager (Male) |
| 5:42 | Create | Villager (Male) |
| 5:56 | Create | Fishing Ship |
| 5:59 | Build | House |
| 6:10 | Create | Villager (Male) |
| 6:14 | Build | House |
| 6:45 | Create | Villager (Male) |
| 6:48 | Create | Fishing Ship |
| 7:16 | Create | Villager (Male) |
| 7:33 | Create | Fishing Ship |
| 7:34 | Build | House |
| 7:35 | Create | Villager (Male) |
| 7:49 | Create | Villager (Male) |
| 8:04 | Create | Villager (Male) |
| 8:18 | Build | House |
| 8:23 | Create | Villager (Male) |
| 8:30 | Create | Fishing Ship |
| 8:43 | Create | Villager (Male) |
| 8:46 | Create | Villager (Male) |
| 8:53 | Create | Villager (Male) |
| 8:59 | Create | Villager (Male) |
| 9:18 | Create | Villager (Male) |
| 9:26 | Build | House |
| 10:11 | Create | Villager (Male) |
| 10:13 | Build | Mining Camp |
| 10:13 | Create | Villager (Male) |
| 10:38 | Research | Feudal Age |
| 11:04 | Build | Dock |
| 11:33 | Build | House |
| 11:46 | Create | Villager (Male) |
| 12:08 | Build | House |
| 12:21 | Build | Lumber Camp |
| 12:41 | Create | Villager (Male) |
| 12:42 | Age | Feudal Age |
| 12:47 | Create | Unit 2626 |
| 12:48 | Create | Unit 2626 |
| 12:48 | Create | Unit 2626 |
| 12:52 | Research | Town Watch |
| 12:53 | Create | Villager (Male) |
| 13:05 | Research | Double-Bit Axe |
| 13:05 | Research | Double-Bit Axe |
| 13:06 | Create | Villager (Male) |
| 13:18 | Build | Outpost |
| 13:32 | Create | Unit 2626 |
| 13:32 | Create | Unit 2626 |
| 13:33 | Create | Villager (Male) |
| 13:34 | Create | Villager (Male) |
| 13:34 | Create | Villager (Male) |
| 13:44 | Create | Fire Galley |
| 13:44 | Create | Fire Galley |
| 14:02 | Create | Fire Galley |
| 14:13 | Create | Villager (Male) |
| 14:15 | Build | House |
| 14:37 | Create | Unit 2626 |
| 14:37 | Create | Unit 2626 |
| 14:38 | Create | Villager (Male) |
| 15:06 | Create | Unit 2626 |
| 15:07 | Create | Unit 2626 |
| 15:07 | Create | Unit 2626 |
| 15:10 | Create | Villager (Male) |
| 15:31 | Create | Villager (Male) |
| 15:39 | Create | Unit 2626 |
| 15:39 | Create | Unit 2626 |
| 15:47 | Create | Villager (Male) |
| 15:50 | Build | House |
| 15:52 | Build | Outpost |
| 15:57 | Create | Villager (Male) |
| 16:00 | Create | Villager (Male) |
| 16:00 | Create | Villager (Male) |
| 16:14 | Create | Unit 2626 |
| 16:14 | Create | Unit 2626 |
| 16:23 | Build | House |
| 16:39 | Create | Villager (Male) |
| 16:43 | Build | Mill |
| 16:45 | Create | Villager (Male) |
| 16:47 | Create | Villager (Male) |
| 16:49 | Build | House |
| 16:57 | Create | Unit 2626 |
| 16:57 | Create | Unit 2626 |
| 17:21 | Create | Villager (Male) |
| 17:23 | Create | Villager (Male) |
| 17:29 | Research | Wheelbarrow |
| 17:30 | Create | Villager (Male) |
| 17:33 | Create | Villager (Male) |
| 17:49 | Build | House |
| 18:00 | Create | Villager (Male) |
| 18:03 | Build | Outpost |
| 18:06 | Create | Villager (Male) |
| 18:07 | Create | Villager (Male) |
| 18:10 | Build | Blacksmith |
| 18:11 | Create | Villager (Male) |
| 18:12 | Create | Villager (Male) |
| 18:46 | Build | Watch Tower |
| 18:58 | Create | Villager (Male) |
| 19:05 | Build | Market |
| 19:06 | Create | Villager (Male) |
| 19:12 | Create | Villager (Male) |
| 19:34 | Research | Fletching |
| 19:34 | Research | Fletching |
| 20:05 | Build | Watch Tower |
| 20:10 | Create | Villager (Male) |
| 20:15 | Create | Fishing Ship |
| 20:16 | Create | Fishing Ship |
| 20:16 | Create | Fishing Ship |
| 20:18 | Create | Villager (Male) |
| 20:25 | Create | Villager (Male) |
| 20:27 | Create | Villager (Male) |
| 20:34 | Create | Villager (Male) |
| 20:45 | Create | Villager (Male) |
| 21:24 | Research | Castle Age |
| 22:30 | Create | Villager (Male) |
| 22:45 | Create | Villager (Male) |
| 23:00 | Create | Villager (Male) |
| 23:25 | Create | Villager (Male) |
| 23:30 | Create | Villager (Male) |
| 23:43 | Create | Villager (Male) |
| 23:52 | Create | Villager (Male) |
| 23:56 | Age | Castle Age |
| 24:01 | Build | Monastery |
| 24:02 | Create | Villager (Male) |
| 24:11 | Build | Town Center |
| 24:13 | Research | Bow Saw |
| 24:26 | Create | Monk |
| 24:27 | Create | Monk |
| 24:46 | Create | Villager (Male) |
| 24:57 | Create | Villager (Male) |
| 25:01 | Create | Villager (Male) |
| 25:14 | Create | Villager (Male) |
| 25:21 | Build | Town Center |
| 25:25 | Create | Monk |
| 25:48 | Create | Monk |
| 25:53 | Create | Villager (Male) |
| 25:56 | Create | Villager (Male) |
Match timeline
| 0:13 | Tio GG león,la bruja y el roper · first_building Dock |
| 0:38 | Vico · first_building Dock |
| 0:40 | Cyndaquil · first_building Dock |
| 0:44 | FMG | GreatMaty · first_building Dock |
| 0:55 | retaux · first_building Dock |
| 1:11 | MoJRiM · first_building Dock |
| 9:47 | FMG | GreatMaty · wall_segment Palisade Wall x1 |
| 10:22 | Cyndaquil · first_building Barracks |
| 12:03 | Cyndaquil · age_up feudal |
| 12:05 | Cyndaquil · first_building Archery Range |
| 12:17 | MoJRiM · age_up feudal |
| 12:42 | Tio GG león,la bruja y el roper · age_up feudal |
| 12:54 | FMG | GreatMaty · age_up feudal |
| 13:14 | retaux · wall_segment Palisade Wall x10 |
| 13:16 | retaux · wall_segment Palisade Wall x1 |
| 13:28 | retaux · wall_segment Palisade Wall x3 |
| 13:36 | Cyndaquil · wall_segment Palisade Wall x7 |
| 13:40 | retaux · wall_segment Palisade Wall x1 |
| 13:41 | retaux · wall_segment Palisade Wall x1 |
| 13:41 | retaux · wall_segment Palisade Wall x1 |
| 13:42 | Vico · age_up feudal |
| 13:54 | Vico · wall_segment Palisade Wall x1 |
| 14:04 | retaux · age_up feudal |
| 14:12 | Cyndaquil · wall_segment Palisade Wall x1 |
| 14:13 | Cyndaquil · wall_segment Palisade Wall x1 |
| 14:14 | Cyndaquil · wall_segment Palisade Wall x1 |
| 15:30 | Cyndaquil · wall_segment Palisade Wall x1 |
| 16:23 | Cyndaquil · wall_segment Palisade Wall x8 |
| 16:30 | retaux · wall_segment Stone Wall x1 |
| 16:31 | retaux · wall_segment Stone Wall x1 |
| 16:32 | retaux · wall_segment Stone Wall x1 |
| 17:12 | Vico · age_up castle |
| 17:17 | retaux · wall_segment Stone Wall x7 |
| 17:18 | Vico · first_building Castle |
| 17:19 | retaux · wall_segment Stone Wall x1 |
| 17:19 | retaux · wall_segment Stone Wall x1 |
| 17:40 | retaux · wall_segment Stone Wall x1 |
| 17:44 | retaux · wall_segment Stone Wall x1 |
| 17:46 | Cyndaquil · first_market_sell 500 wood |
| 17:47 | Cyndaquil · first_market_buy 500 food |
| 17:49 | retaux · age_up castle |
| 18:04 | FMG | GreatMaty · first_market_buy 100 food |
| 18:05 | FMG | GreatMaty · first_market_sell 100 wood |
| 18:38 | retaux · first_building Siege Workshop |
| 19:06 | Cyndaquil · wall_segment Stone Wall x3 |
| 19:57 | Cyndaquil · wall_segment Stone Wall x3 |
| 19:59 | Cyndaquil · wall_segment Stone Wall x1 |
| 20:00 | Cyndaquil · wall_segment Stone Wall x1 |
| 20:00 | Tio GG león,la bruja y el roper · first_market_buy 100 stone |
| 20:01 | Cyndaquil · wall_segment Stone Wall x1 |
| 20:01 | Cyndaquil · wall_segment Stone Wall x1 |
| 20:03 | Cyndaquil · wall_segment Stone Wall x1 |
| 20:04 | Cyndaquil · wall_segment Stone Wall x1 |
| 20:06 | Cyndaquil · wall_segment Stone Wall x5 |
| 20:24 | Vico · first_market_buy 100 food |
| 21:00 | FMG | GreatMaty · age_up castle |
| 21:25 | MoJRiM · first_market_buy 100 food |
| 21:49 | Vico · first_market_sell 100 wood |
| 21:58 | Cyndaquil · age_up castle |
| 22:41 | FMG | GreatMaty · first_building Barracks |
| 22:50 | Cyndaquil · first_building Siege Workshop |
| 22:52 | retaux · first_market_buy 100 stone |
| 22:59 | Cyndaquil · wall_segment Stone Wall x1 |
| 23:00 | Cyndaquil · wall_segment Stone Wall x1 |
| 23:01 | Cyndaquil · wall_segment Stone Wall x1 |
| 23:03 | Cyndaquil · wall_segment Stone Wall x3 |
| 23:04 | Cyndaquil · wall_segment Stone Wall x2 |
| 23:15 | retaux · first_market_sell 100 wood |
| 23:25 | FMG | GreatMaty · first_building Archery Range |
| 23:34 | retaux · first_building Castle |
| 23:56 | Tio GG león,la bruja y el roper · age_up castle |
| 24:01 | Tio GG león,la bruja y el roper · first_building Monastery |
| 24:42 | MoJRiM · age_up castle |
| 24:44 | Vico · first_building Barracks |
| 25:20 | MoJRiM · first_market_sell 100 food |
| 26:37 | Vico · first_building Monastery |
| 28:14 | retaux · first_building Monastery |
| 28:27 | Vico · first_building Stable |
| 28:40 | MoJRiM · first_building Monastery |
| 29:31 | Tio GG león,la bruja y el roper · first_building Siege Workshop |
| 29:49 | FMG | GreatMaty · first_building Stable |
| 30:54 | Tio GG león,la bruja y el roper · first_building Castle |
| 31:34 | MoJRiM · first_building Castle |
| 31:35 | retaux · wall_segment Palisade Wall x1 |
| 32:02 | Tio GG león,la bruja y el roper · first_market_sell 100 stone |
| 33:25 | retaux · first_building Barracks |
| 33:53 | retaux · wall_segment Stone Wall x7 |
| 33:59 | Tio GG león,la bruja y el roper · first_building Barracks |
| 34:18 | retaux · age_up imperial |
| 35:09 | Cyndaquil · age_up imperial |
| 35:19 | FMG | GreatMaty · first_building Monastery |
| 35:21 | Tio GG león,la bruja y el roper · age_up imperial |
| 35:24 | Vico · wall_segment Stone Wall x17 |
| 35:43 | MoJRiM · first_building Barracks |
| 36:35 | Tio GG león,la bruja y el roper · first_building Stable |
| 36:40 | MoJRiM · age_up imperial |
| 37:28 | retaux · first_building Stable |
| 37:30 | retaux · first_building Archery Range |
| 38:19 | Vico · age_up imperial |
| 38:46 | MoJRiM · first_building Archery Range |
| 39:06 | FMG | GreatMaty · age_up imperial |
| 39:51 | Cyndaquil · first_building Castle |
| 40:28 | FMG | GreatMaty · first_building Castle |
| 41:16 | Vico · first_building Siege Workshop |
| 41:46 | Cyndaquil · first_building Stable |
| 47:46 | Tio GG león,la bruja y el roper · resign |
[ AI ANALYSIS · 1 CREDIT ]
What really happened in this match?
Wolo.gg analyzes every decision: build order, eco, micro, common mistakes by bracket. Personalized analysis on WhatsApp or Discord in 30 seconds.
Civ guide
Japanese
Perfil
Jugador #9082593